 Dungeon Crawl Stone Soup version 0.30.0-29-ga12c61a403 (webtiles) character file.

Game seed: 8078032823440903524

9 Anandil the Conjurer (level 2, -1/11 (22) HPs)
             Began as a Demonspawn Reaver on June 13, 2023.
             Slain by a hobgoblin (2 damage)
             ... on level 1 of the Dungeon.
             The game lasted 00:02:26 (300 turns).

Anandil the Conjurer (Demonspawn Reaver)             Turns: 300, Time: 00:02:27

HP:   -1/11 (22)    AC:  3    Str: 12    XL:     2   Next: 6%
MP:   4/5           EV: 11    Int: 14    God:
Gold: 0             SH:  0    Dex: 11    Spells: 4/5 levels left

rFire   . . .        a - +0 hand axe
rCold   . . .        (no shield)
rNeg    . . .        b - +0 leather armour
rPois   .            (no helmet)
rElec   .            (no cloak)
rCorr   .            (no gloves)
SInv    .            (no boots)
Will    .....        (no amulet)
Stlth   +            (no ring)
HPRegen 0.21/turn    (no ring)
MPRegen 0.09/turn

%: no passive effects
@: extremely drained
A: powered by pain 1
a: no special abilities


You were on level 1 of the Dungeon.
You visited 1 branch of the dungeon, and saw 1 of its levels.

Inventory:

Hand Weapons
 a - a +0 hand axe (weapon)
Armour
 b - a +0 leather armour (worn)
Scrolls
 c - a scroll of blinking {unknown}
 d - 2 scrolls of enchant weapon {unknown}
 e - a scroll of vulnerability {unknown}
 g - a scroll of identify {unknown}
 i - a scroll of torment {unknown}
Potions
 f - a potion of degeneration {unknown}
 h - a potion of curing {unknown}


   Skills:
 - Level 2.0 Fighting
 - Level 2.6 Axes
 + Level 2.0 Dodging
 + Level 2.2 Spellcasting
 - Level 3.0 Conjurations
 + Level 1.0 Necromancy


You had 4 spell levels left.
You knew the following spells:

 Your Spells              Type           Power      Damage    Failure   Level
a - Kiss of Death         Conj/Necr      28%        2d7       13%         1

Your spell library contained the following spells:

 Spells                   Type           Power      Damage    Failure   Level
 Momentum Strike          Conj/Tloc      10%        3d8       24%         2
 Hailstorm                Conj/Ice       5%         3d4       43%         3
 Portal Projectile        Hex/Tloc       2%         N/A       65%         3
 Tukima's Dance           Hex            1%         N/A       65%         3
 Blade Hands              Tmut           0%         N/A       100%        5


Dungeon Overview and Level Annotations

Branches:
Dungeon (1/15)

Altars:

Shops:
D:1 *


Innate Abilities, Weirdness & Mutations

You sometimes gain a little power by taking damage.


Message History

The kobold is heavily wounded.
You hit the hobgoblin. You hit the kobold but do no damage.
The kobold hits you with a +0 short sword.
The hobgoblin hits you. The kobold barely misses you.
Unknown command.
Unknown command.
The kobold attacks as you move away!
The kobold hits you with a +0 short sword.
The hobgoblin hits you.
* * * LOW HITPOINT WARNING * * *
The hobgoblin attacks as you move away! The hobgoblin misses you.
The hobgoblin attacks as you move away! The hobgoblin barely misses you.
Casting: Kiss of Death (safe; 13% risk of failure)
Confirm with . or Enter, or press ? or * to list all spells.
Aiming: Kiss of Death (safe; 13% risk of failure)
Press: ? - help, Shift-Dir - straight line, f - kobold
Aim: a kobold, wielding a +0 short sword (100% to hit)
The negative energy hits the kobold!
The kobold is drained!
You kill the kobold!
You feel drained.
Unknown command.
Casting: Kiss of Death (safe; 13% risk of failure)
Confirm with . or Enter, or press ? or * to list all spells.
Aiming: Kiss of Death (safe; 13% risk of failure)
Press: ? - help, Shift-Dir - straight line, f - hobgoblin
Aim: a hobgoblin (almost dead, 100% to hit)
Okay, then.
You closely miss the hobgoblin.
The hobgoblin is almost dead.
The hobgoblin hits you.
* * * LOW HITPOINT WARNING * * *
Unknown command.
You closely miss the hobgoblin.
The hobgoblin is almost dead.
The hobgoblin closely misses you.
Unknown command.
You completely miss the hobgoblin.
The hobgoblin is almost dead.
The hobgoblin hits you.
You die...

.....#..........# # ....
........∩.......# # ....
...#............# # .....
######...##### # ...
#..#[# ## ... ####.##.# #.
#.# ###....##.## #.
#..###...#####..# ##.
#..Kg@#.# ##.#####..
#####..###.#####.........
.g........................
#####....................#
.# #.........####........#
# .##........## #.>.......
.. # ...........#
#.........
#..#....#.......#
###..#.##.
#...##.........#
###..#..##.


You could see a hobgoblin and a kobold.

Vanquished Creatures
  An endoplasm (D:1)
  A giant cockroach (D:1)
  2 hobgoblins (D:1)
  A quokka (D:1)
  A ball python (D:1)
  A bat (D:1)
  A frilled lizard (D:1)
  A kobold (D:1)
9 creatures vanquished.

Vanquished Creatures (others)
  A kraken (D:1)
  A minotaur (D:1)
  A demonspawn (D:1)
  An octopode (D:1)
  A human (D:1)
  2 spriggans (D:1)
  A demigod (D:1)
  A naga (D:1)
  A gnoll (D:1)
  An orc (D:1)
  8 tentacles (D:1)
19 creatures vanquished.

Grand Total: 28 creatures vanquished

Notes
Turn   | Place    | Note
-------+----------+-------------------------------------------
     0 | D:1      | Anandil the Demonspawn Reaver began the quest for the Orb.
     0 | D:1      | Reached XP level 1. HP: 16/16 MP: 3/3
     2 | D:1      | Noticed a naga
     2 | D:1      | Noticed a spriggan
     2 | D:1      | Noticed a spriggan
     2 | D:1      | Noticed a ghoul
     2 | D:1      | Noticed a demonspawn
     2 | D:1      | Noticed a kraken
     2 | D:1      | Noticed a human
     2 | D:1      | Noticed a demonspawn
     2 | D:1      | Noticed a demigod
     2 | D:1      | Noticed a minotaur
     2 | D:1      | Noticed a vine stalker
     2 | D:1      | Noticed an octopode
     2 | D:1      | Noticed a ghoul
     3 | D:1      | Killed a spriggan
     4 | D:1      | Killed a spriggan
     6 | D:1      | Killed a minotaur
     7 | D:1      | Killed a demonspawn
     8 | D:1      | Killed a demigod
     9 | D:1      | Killed a naga
    12 | D:1      | Killed an octopode
    12 | D:1      | Killed a human
    13 | D:1      | Killed a kraken
   259 | D:1      | Found Cagonn's General Store.
   261 | D:1      | Reached skill level 1 in Necromancy
   261 | D:1      | Gained mutation: You sometimes gain a little power by
                  | taking damage. [demonic ancestry]
   261 | D:1      | Reached XP level 2. HP: 14/14 MP: 5/5
   300 | D:1      | Slain by a hobgoblin

Illustrated notes

Levels and vault maps discovered:
D:1:      nicolae_arrival_kraken_aquarium_b, layout_rooms, serial_shops, shop,
          hangedman_decor_lopped, chequers_jeans

Skill      XL: |  1 |
---------------+----+-----
Dodging        | 2 |  2.0
Necromancy     | 1 |  1.0
Fighting       | |  2.0
Axes           | |  2.6
Spellcasting   | |  2.2
Conjurations   | |  3.0

Action                     || total
---------------------------++-------
  Melee: Hand axe          ||    29
         Punch             ||     1
   Cast: Kiss of Death     ||     4
 Armour: Leather armour    ||     8
  Dodge: Dodged            ||    31
